 Dungeon Crawl Stone Soup version 0.20.1-1-g8b1a95d (webtiles) character file.

29349 theElss the Peltast (level 13, -1/80 HPs)
             Began as a Gargoyle Berserker on Aug 15, 2017.
             Was a High Priest of Trog.
             Slain by Snorg (3 damage)
             ... on level 6 of the Lair of Beasts.
             The game lasted 00:56:42 (18710 turns).

theElss the Peltast (Gargoyle Berserker)           Turns: 18710, Time: 00:56:44

Health: -1/80      AC: 22    Str: 25    XL:     13   Next: 44%
Magic:  0/22       EV: 13    Int:  9    God:    Trog [*****.]
Gold:   1174       SH: 14    Dex:  9    Spells: 12/12 levels left

rFire    + + +     SeeInvis .   a - +0 morningstar
rCold    . . .     Gourm    .   L - +0 shield
rNeg     + . .     Faith    .   t - +0 ring mail of the Sailor {rF+++}
rPois    ∞         Spirit   +   C - +0 helmet (curse)
rElec    +         Reflect  .   o - +0 cloak
rCorr    .         Harm     .   r - +2 pair of gloves
MR       .....                  (no boots)
Stlth    +.........             H - amulet of guardian spirit
Regen    0.3/turn               J - +2 ring of protection
MPRegen  0.2/turn               X - ring of magical power

@: berserk cooldown, slowed, very slow
A: negative energy resistance 1, electricity resistance, unbreathing,
petrification resistance, rot immunity, AC +9
a: Berserk, Trog's Hand, Brothers in Arms, Burn Spellbooks, Renounce Religion


You were on level 6 of the Lair of Beasts.
You worshipped Trog.
Trog was extremely pleased with you.
You were very hungry.

You visited 2 branches of the dungeon, and saw 17 of its levels.

You collected 1174 gold pieces.

Inventory:

Hand Weapons
 a - a +0 morningstar (weapon)
 b - the +8 hand crossbow of Tanne {penet, rElec rPois SInv}
   (Trog gifted it to you on level 5 of the Lair of Beasts)

   Ammo fired by it will pass through the targets it hits, potentially hitting
   all targets in its path until it reaches maximum range.
   It insulates you from electricity.
   It protects you from poison.
   It lets you see invisible.
Armour
 o - a +0 cloak (worn)
 r - a +2 pair of gloves (worn)
 t - the +0 ring mail of the Sailor (worn) {rF+++}
   (You found it on level 4 of the Dungeon)

   It renders you almost immune to fire.
 C - a cursed +0 helmet (worn)
 L - a +0 shield (worn)
 R - a +0 helmet
Jewellery
 m - an uncursed ring of fire {unknown}
 B - an uncursed ring of flight
 D - an uncursed amulet of harm
 H - an amulet of guardian spirit (around neck)
 J - a +2 ring of protection (left hand)
 K - an uncursed ring of positive energy
 X - a ring of magical power (right hand)
Wands
 p - a wand of enslavement (14/24)
 w - a wand of lightning (7/15)
 x - a wand of digging (10/24)
 y - a wand of flame (26/48)
 O - a wand of random effects (19/48)
Scrolls
 d - 5 scrolls of remove curse
 e - a scroll of random uselessness {unknown}
 f - 5 scrolls of fog
 h - 8 scrolls of teleportation
 i - a scroll of torment {unknown}
 k - a scroll of recharging
 n - 3 scrolls of magic mapping
 E - 2 scrolls of enchant armour
 I - a scroll of enchant weapon
 M - a scroll of brand weapon {unknown}
 P - a scroll of acquirement {unknown}
 Q - a scroll of silence {unknown}
 U - a scroll of noise {unknown}
 V - a scroll of summoning {unknown}
 Z - a scroll of blinking {unknown}
Potions
 g - 7 potions of curing
 j - 2 potions of magic
 l - 2 potions of lignification {unknown}
 u - 2 potions of cancellation {unknown}
 v - a potion of haste {unknown}
 A - 4 potions of heal wounds
 F - 4 potions of agility {unknown}
 G - 4 potions of might {unknown}
 N - a potion of ambrosia {unknown}
 Y - 2 potions of resistance {unknown}
Comestibles
 c - 16 bread rations
 q - 8 royal jellies
 s - 5 chunks of flesh
 z - 11 meat rations


   Skills:
 + Level 9.4 Fighting
 + Level 13.4 Maces & Flails
 * Level 2.3 Crossbows
 - Level 5.0 Armour
 - Level 4.7 Dodging
 - Level 2.6 Stealth
 - Level 15.0 Shields


You had 12 spell levels left.
You didn't know any spells.

Dungeon Overview and Level Annotations

Branches:
Dungeon (11/15)            Temple (0/1) D:5            Lair (6/6) D:11
  Swamp (0/4) Lair:3       Spider (0/4) Lair:4        Slime (0/5) Lair:5
    Orc: D:9-12

Altars:
Ashenzari
Cheibriados
Hepliaklqana
Nemelex Xobeh
Qazlal
Ru
Uskayaw
Vehumet
Xom
Yredelemnul
Zin
Beogh
Jiyva

Shops:
D:4 *   D:6 [   D:10 (

Annotations:
Lair:5 1 runed door
Lair:6 Snorg


Innate Abilities, Weirdness & Mutations

You are resistant to torment.
Your stone body is resilient. (AC +9)
You are immune to poison.
You resist negative energy. (rN+)
You are resistant to electric shocks. (rElec)
You can survive without breathing.
You are immune to petrification.
You are immune to rotting.


Message History

You block Snorg's attack. Snorg claws you. x2
You sock Snorg!
Snorg is heavily wounded.
You block Snorg's attack. x2; Snorg barely misses you.
You barely miss Snorg.
Snorg is heavily wounded.
Snorg bites you!!
* * * LOW HITPOINT WARNING * * *
Snorg barely misses you. You block Snorg's attack.
You feel a strong urge to attack something.
You are no longer berserk.
You are exhausted.
You feel yourself slow down.
Your ogre goes berserk!
You are feeling very hungry.
Snorg misses you. Snorg closely misses you. You block Snorg's attack.
Snorg bites you!!
* * * LOW HITPOINT WARNING * * *
Snorg claws you.
You die...

#.......###.#...
##...##......#..
#..##.........
##..##.....P....
#P.###...#.##P..
#P.####..####P..
##.P.#..(###....
#T.............
##@.............
#.O...............
#P...#.P..##......#
##..##P..## #...#..
#...###...## ....#
##....P..(.##...##.
#.........P#.......
#...#...........P#
#...##...#.#.....#


You could see Snorg (berserk) and a friendly ogre (berserk).

Vanquished Creatures
  The ghost of KobiteSteele the Basher, a journeyman MiGl of Qazlal (Lair:6)
  Harold (D:11)
  2 two-headed ogres
  5 hydras
  The ghost of bli the Spear-Bearer, a novice MfFi of Makhleb (D:8)
  An unseen horror (D:11)
  An ugly thing (D:11)
  2 cyclopes (D:11)
  A guardian serpent (D:9)
  3 black mambas
  A rime drake (Lair:4)
  A gargoyle (D:11)
  5 spiny frogs
  2 komodo dragons (Lair:4)
  2 trolls
  12 blink frogs
  4 hippogriffs
  A wraith (D:10)
  18 yaks
  2 wyverns (Lair:4)
  2 hungry ghosts
  A vampire mosquito (D:6)
  Menkaure (D:5)
  3 swamp worms (Lair:3)
  Duvessa (D:5)
  4 water moccasins (Lair:4)
  9 porcupines
  A sky beast (D:7)
  6 ice beasts
  3 black bears
  6 orc warriors
  A necrophage (D:8)
  A phantom (D:11)
  5 ogres
  11 wolves (Lair:3)
  7 centaurs
  13 crocodiles
  14 bullfrogs
  Dowan (D:5)
  A water moccasin skeleton (D:8)
  6 scorpions
  11 killer bees
  An electric eel (Lair:3)
  A crimson imp (D:11)
  2 centaur zombies
  A bullfrog zombie (D:10)
  A quasit (D:6)
  9 orc priests
  A jelly (D:11)
  2 centaur skeletons
  2 hounds
  3 iguanas
  2 bullfrog skeletons
  13 orc wizards
  10 worker ants
  Ijyb (D:5)
  2 hound skeletons
  10 adders
  9 gnolls
  A howler monkey skeleton (D:8)
  A shadow imp (D:11)
  2 oozes
  An adder zombie (D:9)
  2 adder skeletons (D:5)
  A worm (D:2)
  6 dart slugs
  9 leopard geckos
  39 orcs
  4 ball pythons
  10 giant cockroaches
  13 hobgoblins
  A jackal (D:6)
  13 kobolds
  3 quokkas
  7 bats
  3 frilled lizards
  13 goblins
  A jackal skeleton (D:8)
  A quokka skeleton (D:4)
  5 rats
380 creatures vanquished.

Vanquished Creatures (collateral kills)
  Sonja (Lair:3)
1 creature vanquished.

Vanquished Creatures (others)
  9 fungi
  9 plants
18 creatures vanquished.

Grand Total: 399 creatures vanquished

Notes
Turn   | Place    | Note
-------+----------+-------------------------------------------
     0 | D:1      | theElss the Gargoyle Berserker began the quest for the Orb.
     0 | D:1      | Reached XP level 1. HP: 14/14 MP: 1/1
   124 | D:1      | Reached XP level 2. HP: 16/19 MP: 2/2
   677 | D:1      | Reached XP level 3. HP: 23/23 MP: 3/3
  1018 | D:2      | Reached ** piety under Trog
  1128 | D:2      | Reached XP level 4. HP: 25/28 MP: 4/4
  1143 | D:2      | Found a hide-covered altar of Uskayaw.
  1852 | D:3      | Found a shattered altar of Ashenzari.
  2132 | D:3      | Reached XP level 5. HP: 33/33 MP: 5/5
  2391 | D:4      | Found Kaseubly's Assorted Antiques.
  2414 | D:4      | Got a bloodstained ring mail
  2583 | D:4      | Identified the +0 ring mail of the Sailor {rF+++} (You found it on level 4 of the Dungeon)
  2622 | D:4      | Reached skill level 5 in Maces & Flails
  2649 | D:4      | Reached XP level 6. HP: 28/38 MP: 6/6
  3099 | D:4      | Reached *** piety under Trog
  3412 | D:4      | Reached XP level 7. HP: 44/44 MP: 7/7
  3685 | D:4      | Found a radiant altar of Vehumet.
  3722 | D:5      | Entered Level 5 of the Dungeon
  3722 | D:5      | Noticed Duvessa
  3722 | D:5      | Noticed Dowan
  3735 | D:5      | Killed Duvessa
  3756 | D:5      | Killed Dowan
  3844 | D:5      | Reached **** piety under Trog
  4004 | D:5      | Noticed Menkaure
  4011 | D:5      | Killed Menkaure
  4011 | D:5      | Reached skill level 5 in Fighting
  4120 | D:5      | Noticed Ijyb
  4133 | D:5      | Killed Ijyb
  4142 | D:5      | Reached XP level 8. HP: 30/49 MP: 8/8
  4353 | D:5      | Found a staircase to the Ecumenical Temple.
  4514 | D:5      | Found a snail-covered altar of Cheibriados.
  4823 | D:6      | Found a stormy altar of Qazlal.
  4865 | D:6      | Found Yhin Nurgh's Antique Armour Shoppe.
  5065 | D:6      | Found a sacrificial altar of Ru.
  5109 | D:6      | Found a basalt altar of Yredelemnul.
  5129 | D:6      | Reached skill level 1 in Stealth
  5412 | D:6      | Found a glowing silver altar of Zin.
  5413 | D:6      | Found a transporter.
  5429 | D:6      | Found a transporter.
  5619 | D:6      | Reached XP level 9. HP: 49/55 MP: 9/9
  6104 | D:7      | Reached skill level 5 in Armour
  6344 | D:7      | Found a hazy altar of Hepliaklqana.
  6444 | D:8      | Noticed bli's ghost (novice MfFi)
  6562 | D:8      | Killed bli's ghost
  6562 | D:8      | Reached skill level 4 in Shields
  6589 | D:8      | Reached skill level 5 in Shields
  6847 | D:8      | Reached skill level 6 in Shields
  6897 | D:8      | Reached XP level 10. HP: 41/61 MP: 10/10
  7015 | D:8      | Found a shimmering altar of Xom.
  7017 | D:8      | Found a shattered altar of Ashenzari.
  7131 | D:8      | Found a sparkling altar of Nemelex Xobeh.
  7296 | D:8      | Reached ***** piety under Trog
  7296 | D:8      | Reached skill level 7 in Shields
  8016 | D:9      | Reached skill level 8 in Shields
  8157 | D:9      | Reached skill level 9 in Shields
  8440 | D:9      | Noticed a two-headed ogre
  8466 | D:9      | Killed a two-headed ogre
  8466 | D:9      | Reached skill level 10 in Shields
  8532 | D:9      | Noticed a guardian serpent
  8539 | D:9      | Killed a guardian serpent
  8539 | D:9      | Reached skill level 11 in Shields
  9068 | D:10     | Entered Level 10 of the Dungeon
  9132 | D:10     | Reached XP level 11. HP: 64/66 MP: 11/11
  9171 | D:10     | Found Ficu's Weapon Shoppe.
  9473 | D:10     | Reached skill level 12 in Shields
  9818 | D:10     | Found a roughly hewn altar of Beogh.
 10449 | D:11     | Noticed a cyclops
 10451 | D:11     | Found a sacrificial altar of Ru.
 10477 | D:11     | Killed a cyclops
 10585 | D:11     | Noticed a purple ugly thing
 10595 | D:11     | Killed a purple ugly thing
 10595 | D:11     | Reached skill level 13 in Shields
 10694 | D:11     | Paralysed by fainting for 9 turns
 10733 | D:11     | Killed an unseen horror
 11048 | D:11     | Noticed Harold
 11080 | D:11     | Killed Harold
 11325 | D:11     | Reached skill level 14 in Shields
 11389 | D:11     | Noticed a two-headed ogre
 11403 | D:11     | Killed a two-headed ogre
 11609 | D:11     | Noticed a cyclops
 11632 | D:11     | Killed a cyclops
 11676 | D:11     | Found a staircase to the Lair.
 11867 | D:11     | Reached XP level 12. HP: 66/71 MP: 12/12
 11876 | Lair:1   | Entered Level 1 of the Lair of Beasts
 11918 | Lair:1   | Reached skill level 15 in Shields
 11947 | Lair:1   | Received a gift from Trog
 13039 | Lair:2   | Reached skill level 10 in Maces & Flails
 14119 | Lair:3   | Noticed a four-headed hydra
 14134 | Lair:3   | Killed a four-headed hydra
 14401 | Lair:3   | Noticed Sonja
 14404 | Lair:3   | Noticed a five-headed hydra
 14415 | Lair:3   | Killed a five-headed hydra
 14432 | Lair:3   | Killed Sonja
 15576 | Lair:3   | Found a staircase to the Swamp.
 15682 | Lair:4   | Noticed a six-headed hydra
 15691 | Lair:4   | Killed a six-headed hydra
 16190 | Lair:4   | Found a hole to the Spider Nest.
 17145 | Lair:4   | Reached XP level 13. HP: 58/79 MP: 13/13
 17330 | Lair:5   | Received a gift from Trog
 17347 | Lair:5   | Got a crystal hand crossbow {god gift}
 17352 | Lair:5   | Identified the +8 hand crossbow of Tanne {penet, rElec rPois SInv} (Trog gifted it to you on level 5 of the Lair of Beasts)
 17679 | Lair:5   | Found a runed door.
 17679 | Lair:5   | Found a viscous altar of Jiyva.
 17680 | Lair:5   | Noticed an acid blob
 17681 | Lair:5   | Found a staircase to the Slime Pits.
 17785 | Lair:5   | Reached skill level 1 in Crossbows
 18485 | Lair:6   | Entered Level 6 of the Lair of Beasts
 18517 | Lair:6   | Noticed KobiteSteele's ghost (journeyman MiGl)
 18569 | Lair:6   | Killed KobiteSteele's ghost
 18614 | Lair:6   | Noticed Snorg
 18710 | Lair:6   | HP: 2/80 [Snorg (14)]
 18710 | Lair:6   | Slain by Snorg

Skill      XL: |  1  2  3  4  5  6  7  8  9 10 11 12 13 |
---------------+----------------------------------------+-----
Dodging        | 2 3 4 |  4.7
Maces & Flails | 4 5 7 8 9 12 13 | 13.4
Fighting       | 4 5 6 8 9 |  9.4
Armour         | 3 4 5 |  5.0
Stealth        | 1 2 |  2.6
Shields        | 6 11 14 15 | 15.0
Crossbows      | 2 |  2.3

Action                   |  1- 3 |  4- 6 |  7- 9 | 10-12 | 13-15 || total
-------------------------+-------+-------+-------+-------+-------++-------
Melee: Mace              |   118 |   252 |   499 |  1575 |       ||  2444
       Flail             |       |    25 |       |       |       ||    25
       Morningstar       |       |       |       |    32 |   279 ||   311
Invok: Berserk           |       |     1 |     5 |    20 |     3 ||    29
       Trog's Hand       |       |       |       |     2 |       ||     2
       Brothers in Arms  |       |       |       |     1 |     1 ||     2
  Use: Scroll            |       |       |     8 |     8 |     1 ||    17
       Potion            |       |       |       |     1 |       ||     1
 Stab: Sleeping          |     1 |       |       |       |       ||     1
       Paralysed         |       |       |     2 |       |       ||     2
       Invisible         |       |       |     1 |       |       ||     1
       Held in net/web   |       |       |       |     2 |       ||     2
  Eat: Chunk             |     1 |     9 |    13 |    53 |     8 ||    84
       Fruit             |       |       |     2 |     2 |     1 ||     5
       Meat ration       |       |       |     1 |       |       ||     1
Armor: Animal skin       |    55 |     9 |       |       |       ||    64
       Ring mail         |       |   115 |   283 |   513 |    95 ||  1006
       Chain mail        |       |    28 |       |       |       ||    28
Dodge: Dodged            |   103 |   166 |   297 |   523 |    88 ||  1177
Block: Shield            |       |       |    47 |   933 |   165 ||  1145
